 Dungeon Crawl Stone Soup version 0.29.1-15-g9cfb28693d (webtiles) character file.

Game seed: 3000918098201689124

790 growler the Ruffian (level 7, -1/52 HPs)
             Began as a Green Draconian Transmuter on Feb 26, 2023.
             Slain by Duvessa
             ... wielding a +6 short sword of venom
              (13 damage)
             ... on level 6 of the Dungeon.
             The game lasted 00:12:30 (5635 turns).

growler the Ruffian (Green Draconian Transmuter)    Turns: 5635, Time: 00:12:32

Health: -1/52      AC:  2    Str: 12    XL:     7   Next: 57%
Magic:  9/11       EV: 23    Int: 16    God:
Gold:   350        SH:  0    Dex: 16    Spells: 2/12 levels left

rFire   . . .      SeeInvis .     - Unarmed
rCold   . . .      Faith    .   (shield currently unavailable)
rNeg    . . .      Spirit   .   (body armour unavailable)
rPois   x          Reflect  .   (helmet currently unavailable)
rElec   .          Harm     .   (cloak currently unavailable)
rCorr   .          Rampage  .   (gloves currently unavailable)
Will    .....                   (boots currently unavailable)
Stlth   +.........              (no amulet)
HPRegen 0.17/turn               d - +4 ring of evasion
MPRegen 0.12/turn               (no ring)

@: lethally poisoned (-1 -> -13), spider-form (expiring)
A: venomous fangs, (breathe noxious fumes), AC +6, tiny, unfitting armour,
(poison resistance), (cold-blooded)
a: End Transformation


You were on level 6 of the Dungeon.
You were a venomous arachnid creature.
You visited 1 branch of the dungeon, and saw 6 of its levels.

You collected 350 gold pieces.

Inventory:

Jewellery
 c - a ring of positive energy
 d - a +4 ring of evasion (left front leg)
 n - a ring of protection from fire
Scrolls
 b - 5 scrolls of teleportation
 e - a scroll of magic mapping
 h - a scroll of blinking
 i - 2 scrolls of amnesia
 j - a scroll of vulnerability {unknown}
 m - a scroll of immolation {unknown}
 p - a scroll of butterflies {unknown}
 q - a scroll of brand weapon {unknown}
 r - a scroll of fear {unknown}
 s - a scroll of enchant weapon {unknown}
 u - a scroll of identify
Potions
 a - a potion of lignification
 f - a potion of ambrosia
 g - a potion of mutation
 k - a potion of invisibility
 l - 4 potions of curing {unknown}
 o - a potion of heal wounds
 t - a potion of degeneration


   Skills:
 - Level 1.3 Fighting
 - Level 1.9 Dodging
 + Level 7.8 Unarmed Combat
 - Level 3.0 Spellcasting
 - Level 4.0 Transmutations


You had 2 spell levels left.
You knew the following spells:

 Your Spells              Type           Power      Damage    Failure   Level
a - Beastly Appendage     Tmut           30%        N/A       12%         1
b - Wereblood             Tmut           15%        N/A       16%         2
c - Spider Form           Tmut/Pois      8%         N/A       45%         3
d - Ice Form              Ice/Tmut       8%         N/A       82%         4

Your spell library contained the following spells:

 Spells                   Type           Power      Damage    Failure   Level
 Apportation              Tloc           4%         N/A       38%         1
 Necrotise                Necr           8%         1d4       38%         1
 Summon Small Mammal      Summ           8%         N/A       38%         1


Dungeon Overview and Level Annotations

Branches:
Dungeon (6/15)
 Temple: D:4-7

Altars:
Fedhas
Hepliaklqana
Kikubaaqudgha
Vehumet
Xom
Zin
The Shining One

Annotations:
D:5 exclusion: statue
D:6 Dowan, Duvessa


Innate Abilities, Weirdness & Mutations

You are a venomous arachnid creature.
You have poisonous fangs.
You are tiny and dextrous.
Your spellcasting is less reliable in this form.
Your armour is entirely melded.
You are incapable of wielding weapons or throwing items.
((You can breathe blasts of noxious fumes.))
((Your lurid green scales are hard. (AC +6)))
You cannot fit into any form of body armour.
((Your system is resistant to poisons. (rPois)))
((You are cold-blooded and may be slowed by cold attacks.))


Message History

Dowan zaps a wand.
The puff of flame hits you!
You climb upwards.
Level annotation: exclusion: statue
There is a stone staircase leading down here.
You start resting.
HP restored.
Casting: Spider Form (dangerous; 24% risk of failure)
Confirm with . or Enter, or press ? or * to list all spells.
You turn into a venomous arachnid creature.
You climb downwards.
Level annotation: Dowan, Duvessa The white imp gestures at you.
The puff of frost hits you!
Dowan points at Duvessa and mumbles some strange words.
Duvessa seems to speed up.
There is a stone staircase leading up here.
You bite Duvessa!
Duvessa is poisoned.
Duvessa is moderately wounded.
Duvessa barely misses you.
You barely miss Duvessa.
Duvessa is moderately wounded.
Duvessa says, "My weaknesses are his strengths!"
Duvessa hits you with a +6 short sword of venom!
You hit Duvessa but do no damage.
Duvessa looks even sicker.
Duvessa is moderately wounded.
Duvessa zaps a wand.
The bolt of light hits you! The white imp closely misses you.
Duvessa zaps a wand.
The bolt of light misses you.
You bite Duvessa!
Duvessa looks as sick as possible!
Duvessa is heavily wounded.
Duvessa hits you with a +6 short sword of venom.
You are poisoned.
The white imp closely misses you.
You feel very sick. Duvessa completely misses you. The white imp hits you.
* * * LOW HITPOINT WARNING * * *
The white imp freezes you.
* * * LOW HITPOINT WARNING * * *
Duvessa hits you with a +6 short sword of venom!
You die...

≈.# #.≈≈ ≈≈~#+#~≈≈ ##
≈~8.8~≈ ##.. ≈...≈ .....
#8.8### ..#.. .....
#...#.# ......
.....###8.8#.####.......
..>.....5...............
.......see..............
........##..............
.........###............
........##.......#... ..
.....##....###..##.## .#
.....#......##......##.#
##...........#.##...#...
...####.................§
.. #.................#.


You could see Duvessa (fast, extremely poisoned), Dowan and a white imp.

Vanquished Creatures
  An orc warrior (D:5)
  A black bear (D:5)
  An ogre (D:5)
  A necrophage (D:6)
  5 hounds
  An orc priest (D:4)
  2 jellies
  Jessica (D:3)
  An iguana (D:5)
  3 gnolls (D:3)
  5 adders
  2 white imps (D:5)
  4 dart slugs
  9 orcs
  8 bats
  5 endoplasms
  4 giant cockroaches
  4 goblins
  8 hobgoblins
  4 jackals (D:4)
  6 quokkas
  8 ball pythons
  2 frilled lizards
  4 kobolds
  5 rats
  A spectral hobgoblin (D:3)
96 creatures vanquished.

Notes
Turn   | Place    | Note
-------+----------+-------------------------------------------
     0 | D:1      | growler the Draconian Transmuter began the quest for the
                  | Orb.
     0 | D:1      | Reached XP level 1. HP: 16/16 MP: 3/3
   127 | D:1      | Reached XP level 2. HP: 23/23 MP: 5/5
   716 | D:2      | Reached XP level 3. HP: 25/28 MP: 6/6
   719 | D:2      | Learned a level 2 spell: Wereblood
   723 | D:2      | Learned a level 3 spell: Spider Form
  1181 | D:2      | Identified the +9 whip of Reboriej {vamp, rElec rPois
                  | Dex+4}
  1214 | D:2      | You fall into a shaft and drop 1 floor!
  1299 | D:3      | Found a shimmering altar of Xom.
  1301 | D:2      | Found a faded altar of an unknown god.
  1698 | D:3      | Found a hazy altar of Hepliaklqana.
  1758 | D:3      | Reached XP level 4. HP: 28/35 MP: 8/8
  2025 | D:3      | Reached skill level 4 in Unarmed Combat
  2176 | D:3      | Noticed Jessica
  2183 | D:3      | Killed Jessica
  2184 | D:3      | Reached XP level 5. HP: 36/40 MP: 7/9
  2189 | D:3      | Learned a level 4 spell: Ice Form
  2772 | D:4      | Found a glowing silver altar of Zin.
  2899 | D:4      | Reached skill level 5 in Unarmed Combat
  2899 | D:4      | Reached XP level 6. HP: 28/47 MP: 10/10
  3552 | D:4      | Found a glowing golden altar of the Shining One.
  3552 | D:4      | Found an ancient bone altar of Kikubaaqudgha.
  3552 | D:4      | Found a blossoming altar of Fedhas.
  3819 | D:5      | Entered Level 5 of the Dungeon
  4070 | D:5      | Reached skill level 6 in Unarmed Combat
  4405 | D:5      | Your scales start taking on a lurid green colour.
  4405 | D:5      | Reached XP level 7. HP: 51/52 MP: 8/11
  4405 | D:5      | Gained mutation: Your system is resistant to poisons.
                  | (rPois) [Green Draconian growth]
  4483 | D:5      | Found a radiant altar of Vehumet.
  4714 | D:5      | Reached skill level 7 in Unarmed Combat
  5125 | D:6      | Noticed Duvessa
  5125 | D:6      | Noticed Dowan
  5635 | D:6      | Slain by Duvessa

Illustrated notes

Levels and vault maps discovered:
D:1:      wander_arrival_estate, layout_rooms
D:2:      layout_loops_ring, shapermc_ecumenical_altar_mp_highgroup,
          amcnicky_mini_pool_small, kennysheep_cross_bottleneck, st_stairs_14,
          chequers_serial_rivers_micro_d, minmay_misc_feat_four_crosses,
          minmay_misc_feat_diagonals
D:3:      layout_loops_ring, mainiacjoe_overflow_chevrons,
          nicolae_hepliaklqana_monster_ancestors, uniq_jessica
D:4:      layout_basic, nicolae_overflow_hidden_temple,
          gammafunk_temple_overflow_claw
D:5:      layout_rooms, vehumet_statue
D:6:      layout_cave_pools, kennysheep_orc_sif_temple,
          nicolae_wu_jian_wuxing_cycle, minmay_temple_entry_overgrown,
          kennysheep_dice, uniq_duvessa

Skill      XL: |  1  2  3  4  5  6  7 |
---------------+----------------------+-----
Transmutations | 3 4 |  4.0
Unarmed Combat | 4 5 6 7 |  7.8
Spellcasting   | 3 |  3.0
Fighting       | |  1.3
Dodging        | |  1.9

Action                   |  1- 3 |  4- 6 |  7- 9 || total
-------------------------+-------+-------+-------++-------
Melee: Unarmed           |   119 |   192 |    41 ||   352
       Tailslap          |    23 |    11 |     5 ||    39
       Punch             |     4 |     5 |     1 ||    10
       Headbutt          |     2 |     5 |       ||     7
       Kick              |     1 |    13 |     2 ||    16
 Cast: Beastly Appendage |     1 |     8 |     1 ||    10
       Spider Form       |       |     3 |     5 ||     8
 Abil: Breathe Noxious F |       |       |     1 ||     1
  Use: Scroll            |       |    10 |       ||    10
       Potion            |       |     1 |       ||     1
 Stab: Sleeping          |     1 |       |       ||     1
       Confused          |       |       |     2 ||     2
Armor: Skin              |    20 |    49 |       ||    69
Dodge: Dodged            |    81 |   155 |    32 ||   268
